 Dungeon Crawl Stone Soup version 0.29.0-4-gdea44cf6ec (webtiles) character file.

Game seed: 10063858230592138498

0 qw the Trooper (level 1, -5/18 HPs)
             Began as a Barachi Chaos Knight on Sept 5, 2022.
             Slain by an iron imp (8 damage)
             ... summoned by Xom
             ... on level 1 of the Dungeon.
             The game lasted 00:00:02 (109 turns).

qw the Trooper (Barachi Chaos Knight)                Turns: 109, Time: 00:00:02

Health: -5/18      AC:  5    Str: 13    XL:     1   Next: 10%
Magic:  1/1        EV: 11    Int: 12    God:
Gold:   0          SH:  0    Dex: 11    Spells: 0/0 levels left

rFire   . . .      SeeInvis .   a - +0 hand axe (chaos)
rCold   . . .      Faith    .   (no shield)
rNeg    . . .      Spirit   .   b - +2 leather armour
rPois   .          Reflect  .   (no helmet)
rElec   .          Harm     .   (no cloak)
rCorr   .          Rampage  .   (no gloves)
Will    .....                   (no boots)
Stlth   +.........              (no amulet)
HPRegen 0.06/turn               (no ring)
MPRegen 0.07/turn               (no ring)

@: slow
A: amphibious, slowness 1, strong legs 1, +LOS
a: Hop


You were on level 1 of the Dungeon.
You visited 1 branch of the dungeon, and saw 1 of its levels.


Innate Abilities, Weirdness & Mutations

You are amphibious.
You cover ground slowly.
You can hop short distances.
You have an extended range of vision and can be seen from far away.


   Skills:
 - Level 3.6 Fighting
 + Level 3.3 Axes
 - Level 2.4 Armour
 - Level 1.1 Dodging


You couldn't memorise any spells.
You didn't know any spells.
Your spell library was empty.

Inventory:

Hand Weapons
 a - a +0 hand axe of chaos (weapon)
Armour
 b - a +2 leather armour (worn)
Miscellaneous
 c - a piece from Xom's chessboard (15/15)

Dungeon Overview and Level Annotations

Branches:
Dungeon (1/15)

Altars:


Message History

You see here 4 atropa-tipped darts.
You hit the crimson imp.
The crimson imp is lightly wounded.
You closely miss the shadow imp.
You hit the crimson imp but do no damage.
The crimson imp is poisoned.
The crimson imp is lightly wounded.
You closely miss the shadow imp. The crimson imp misses you.
The shadow imp closely misses you.
You closely miss the crimson imp.
The crimson imp is lightly wounded.
You hit the shadow imp.
The crimson imp hits you but does no damage.
The shadow imp hits you.
You hit the shadow imp but do no damage.
The shadow imp is moderately wounded.
You hit the iron imp but do no damage.
You hit the crimson imp but do no damage.
The crimson imp seems to speed up.
The crimson imp closely misses you. The iron imp barely misses you.
The shadow imp hits you.
You closely miss the shadow imp.
The shadow imp is moderately wounded.
You completely miss the iron imp. You barely miss the crimson imp.
The crimson imp hits you.
The crimson imp grinds its teeth.
The crimson imp barely misses you. The iron imp misses you.
You hit the iron imp but do no damage.
You hit the crimson imp but do no damage.
Nothing appears to happen.
You hit the ice devil but do no damage.
Lightning courses through the ice devil!
The crimson imp hits you but does no damage.
The iron imp puffs mist at you. The iron imp hits you.
The crimson imp hits you.
You closely miss the ice devil.
The ice devil is moderately wounded.
You hit the iron imp. You closely miss the crimson imp.
The crimson imp misses you. The ice devil closely misses you.
The iron imp hits you!
You die...

#.# ####.#.#.# #.#
#####.# #.# .)# #.#
#.# #.# #.# #.# #.#
#.# #.# #(# #5# .
#.# #@#####... #.#
####545...# #.#
#...5.....#
#.#######.#######.#
#.........# ..
########### #


You could see an ice devil (summoned), an iron imp (summoned), a crimson imp
(summoned, fast, poisoned), a white imp (summoned) and a shadow imp (summoned).

Vanquished Creatures
  A rat (D:1)
1 creature vanquished.

Notes
Turn   | Place    | Note
-------+----------+-------------------------------------------
     0 | D:1      | qw the Barachi Chaos Knight began the quest for the Orb.
     0 | D:1      | Reached XP level 1. HP: 18/18 MP: 1/1
     0 | D:1      | 0 ||| qw: Version: 0.1-a-104-g96f76f8
     0 | D:1      | 0 ||| qw: Game counter: 5877
     0 | D:1      | 0 ||| qw: Always use a shield: true
     0 | D:1      | 0 ||| qw: God list: Okawaru
     0 | D:1      | 0 ||| qw: Allow faded altars: false
     0 | D:1      | 0 ||| qw: Do Orc after D:15 true
     0 | D:1      | 0 ||| qw: Do second Lair branch before Depths: true
     0 | D:1      | 0 ||| qw: Lair rune preference: random
     0 | D:1      | 0 ||| qw: Plans: Normal
     0 | D:1      | 0 ||| PLANNING D:1-11
     0 | D:1      | Fell from the grace of Xom
   102 | D:1      | XOM: summons 5 hostile demons
   103 | D:1      | Noticed an ice devil
   103 | D:1      | Noticed an iron imp
   103 | D:1      | Noticed a crimson imp
   108 | D:1      | HP: 3/18 [crimson imp[Xom] (2)]
   109 | D:1      | Slain by an iron imp

Levels and vault maps discovered:
D:1:      dpeg_arrival_round_a, layout_loops_ring,
          hellmonk_ecumenical_altar_pennies_from_heaven,
          dreamdust_princess_corridor

Action                   || total
-------------------------++-------
Melee: Hand axe          ||    10
Invok: Renounce Religion ||     1
Armor: Leather armour    ||     3
Dodge: Dodged            ||     9

Table legend:
 A = Non-vault XP
 B = Vault XP
 C = Vault XP percentage of total XP
 D = Non-vault monster count
 E = Vault monster count
 F = Vault count percentage of total count
                 A         B        C        D         E       F
            +---------+---------+-------+---------+---------+-------
      Total |       1 |       0 |   0.0 |       1 |       0 |   0.0
            +---------+---------+-------+---------+---------+-------
        D:1 |       1 |       0 |   0.0 |       1 |       0 |   0.0
            +---------+---------+-------+---------+---------+-------
